 Dungeon Crawl Stone Soup version 0.23-a0-49-gd9f7a49 (webtiles) character file.

322 Mgcat the Chopper (level 6, -2/51 HPs)
             Began as a Demonspawn Berserker on Aug 7, 2018.
             Was a Believer of Trog.
             Slain by an orc priest
             ... wielding a +0 morningstar
              (8 damage)
             ... on level 3 of the Dungeon.
             The game lasted 00:07:24 (2210 turns).

Mgcat the Chopper (Demonspawn Berserker)            Turns: 2210, Time: 00:07:25

Health: -2/51      AC: 10    Str: 19    XL:     6   Next: 22%
Magic:  6/6        EV:  8    Int:  9    God:    Trog [**....]
Gold:   159        SH:  0    Dex: 12    Spells: 5/5 levels left

rFire    + . .     SeeInvis .   b - +2 short sword (drain)
rCold    . . .     Gourm    .   (no shield)
rNeg     . . .     Faith    .   m - +0 chain mail
rPois    .         Spirit   .   (no helmet)
rElec    .         Reflect  .   f - +1 cloak
rCorr    .         Harm     .   (no gloves)
MR       .....                  (no boots)
Stlth    ..........             (no amulet)
HPRegen  0.17/turn              (no ring)
MPRegen  0.10/turn              (no ring)

@: no status effects
A: claws 2, fire resistance 1, powered by death 1
a: Berserk, Trog's Hand, Renounce Religion


You were on level 3 of the Dungeon.
You worshipped Trog.
Trog was pleased with you.
You were not hungry.

You visited 1 branch of the dungeon, and saw 3 of its levels.

You collected 159 gold pieces.

Inventory:

Hand Weapons
 a - a +0 hand axe
 b - a +2 short sword of draining (weapon)
   (You took it off an orc on level 3 of the Dungeon)
Armour
 f - a +1 cloak (worn)
   (You found it on level 1 of the Dungeon)
 m - a +0 chain mail (worn)
   (You took it off an orc on level 3 of the Dungeon)
Scrolls
 e - a scroll of remove curse {unknown}
 i - a scroll of blinking {unknown}
 j - a scroll of teleportation {unknown}
 k - 9 scrolls of identify {unknown}
 p - a scroll of enchant weapon {unknown}
Potions
 d - a potion of ambrosia {unknown}
 g - 3 potions of cancellation {unknown}
 h - a potion of curing {unknown}
 l - a potion of berserk rage {unknown}
Comestibles
 c - 3 rations
 n - 8 chunks of flesh {@w0}


   Skills:
 - Level 5.0 Fighting
 + Level 5.2 Axes
 - Level 1.7 Armour
 - Level 1.7 Dodging


You had 5 spell levels left.
You didn't know any spells.
Your spell library was empty.

Dungeon Overview and Level Annotations

Branches:
Dungeon (3/15)

Altars:
Qazlal

Annotations:
D:3 Sigmund


Innate Abilities, Weirdness & Mutations

You have very sharp fingernails.
Your flesh is heat resistant. (rF+)
You regenerate a little health from kills.


Message History

You eat one of the 9 chunks of flesh {@w0}.
This raw flesh tastes terrible.
Jessica is too close now for your liking.
Jessica hits you but does no damage.
You hit Jessica but do no damage. You drain Jessica!
Jessica is heavily wounded.
Jessica hits you but does no damage.
You closely miss Jessica.
Jessica is heavily wounded.
You feel the effects of Trog's Hand fading.
Jessica hits you but does no damage.
Unknown command.
Unknown command.
Your chain mail prevents you from hitting Jessica.
Jessica is heavily wounded.
Jessica hits you but does no damage.
You hit Jessica but do no damage.
Jessica is heavily wounded.
Jessica hits you but does no damage.
You hit Jessica.
Jessica is heavily wounded.
Jessica closely misses you.
You closely miss Jessica.
Jessica is heavily wounded.
Jessica barely misses you.
You hit Jessica but do no damage.
Jessica is heavily wounded.
Jessica gestures wildly while chanting.
Jessica blinks!
Your skin stops crawling.
You feel less resistant to hostile enchantments.
Unknown command.
You start waiting.
Jessica is too close now for your liking.
Your skin crawls.
You feel resistant to hostile enchantments.
You feel somewhat more hungry.
Unknown command.
You hit Jessica.
You kill Jessica!
Trog accepts your kill.
Trog appreciates your killing of a magic user.
Things that are here:
a club; a robe There isn't anything to butcher here. 2 orcs come into view.
The orc shouts!
An orc priest comes into view. It is wielding a morningstar.
You puncture the orc!
You kill the orc!
Trog accepts your kill.
You start waiting.
You feel the effects of Trog's Hand fading.
Unknown command.
You puncture the orc!
You kill the orc!
Trog accepts your kill.
A frilled lizard and a goblin come into view.
The goblin shouts!
The orc priest hits you but does no damage.
Things that are here:
a mace; a ring mail You hit the orc priest but do no damage.
You drain the orc priest!
The orc priest is lightly wounded.
The orc priest hits you with a morningstar.
You completely miss the orc priest.
The orc priest is lightly wounded.
Your skin stops crawling.
You feel less resistant to hostile enchantments.
The orc priest casts a cantrip, but nothing happens.
Unknown command.
Unknown command.
You hit the orc priest. You drain the orc priest!
The orc priest is severely wounded.
The orc priest barely misses you.
You hit the orc priest but do no damage.
You drain the orc priest!
The orc priest is almost dead.
The orc priest looks satisfied for a moment.
The goblin barely misses you.
You hit the goblin but do no damage.
The orc priest invokes the aid of Beogh against you.
Beogh smites you!
A quokka comes into view.
The goblin hits you but does no damage.
You barely miss the orc priest.
The orc priest is almost dead.
The orc priest mumbles some strange prayers to Beogh against you.
Beogh smites you! The goblin hits you but does no damage.
You hit the orc priest but do no damage.
The orc priest is almost dead.
The frilled lizard bites you but does no damage.
The orc priest mumbles some strange prayers to Beogh against you.
Beogh smites you!
* * * LOW HITPOINT WARNING * * *
The goblin hits you but does no damage.
The frilled lizard bites you but does no damage.
The orc priest hits you with a morningstar!
You die...

#.# #l#. #.# #... #.# #..
##.######### #..
#..#.......######.
##.##.#####.#......
#..##.# #...#.####.
##l###)# #.###.# #.
#.g@...# #.###.# #.
#.o#######.[รท..# #.
#..#.......##.## ##
#.........###.#####
...@..r.........+.#...).#
##.....##.......#.#.###.##
+..... .......#.........
#.$... .......###)####..
....... s#'###.#.........


You could see an orc priest, a quokka, a goblin and a frilled lizard.

Vanquished Creatures
  A sky beast (D:3)
  An orc priest (D:3)
  Jessica (D:3)
  An iguana (D:3)
  Natasha (twice) (D:3)
  An adder (D:2)
  3 oozes
  A worm (D:2)
  A dart slug (D:1)
  3 leopard geckos
  6 orcs (D:3)
  5 bats
  4 giant cockroaches
  9 goblins
  9 hobgoblins
  6 jackals (D:2)
  6 kobolds
  6 rats
66 creatures vanquished.

Notes
Turn   | Place    | Note
-------+----------+-------------------------------------------
     0 | D:1      | Mgcat the Demonspawn Berserker began the quest for the Orb.
     0 | D:1      | Reached XP level 1. HP: 18/18 MP: 1/1
   168 | D:1      | Reached skill level 3 in Axes
   176 | D:1      | Gained mutation: Your flesh is heat resistant. (rF+) [demonic ancestry]
   176 | D:1      | Reached XP level 2. HP: 23/24 MP: 2/2
   409 | D:1      | Gained mutation: You have sharp fingernails. [demonic ancestry]
   409 | D:1      | Reached XP level 3. HP: 21/29 MP: 3/3
   806 | D:1      | Reached ** piety under Trog
  1346 | D:2      | Reached skill level 4 in Fighting
  1435 | D:2      | Gained mutation: You have very sharp fingernails. [demonic ancestry]
  1435 | D:2      | Reached XP level 4. HP: 37/37 MP: 4/4
  1695 | D:2      | Found a stormy altar of Qazlal.
  1876 | D:3      | Noticed a sky beast
  1901 | D:3      | Killed a sky beast
  1901 | D:3      | Reached skill level 4 in Axes
  1901 | D:3      | Reached XP level 5. HP: 39/43 MP: 5/5
  2023 | D:3      | Noticed Natasha
  2032 | D:3      | Killed Natasha
  2032 | D:3      | Reached skill level 5 in Fighting
  2046 | D:3      | Noticed Natasha
  2054 | D:3      | Killed Natasha
  2054 | D:3      | Reached skill level 5 in Axes
  2054 | D:3      | Gained mutation: You regenerate a little health from kills. [demonic ancestry]
  2054 | D:3      | Reached XP level 6. HP: 51/51 MP: 6/6
  2166 | D:3      | Noticed Jessica
  2166 | D:3      | Noticed Sigmund
  2193 | D:3      | Killed Jessica
  2210 | D:3      | HP: 6/51 [orc priest/divine providence (16)]
  2210 | D:3      | Slain by an orc priest

Vault maps used:
D:1:      denvon_arrival_planthouse, minmay_misc_feat_rows,
          serial_bayou_lagoon_b
D:2:      old_standard_altar
D:3:      minmay_roachtagon, uniq_natasha, uniq_robin, uniq_jessica,
          uniq_sigmund

Skill      XL: |  1  2  3  4  5 |
---------------+----------------+-----
Axes           | 3 4 5 |  5.2
Fighting       | 4 5 |  5.0
Armour         | |  1.7
Dodging        | |  1.7

Action                   |  1- 3 |  4- 6 || total
-------------------------+-------+-------++-------
Melee: Hand axe          |    12 |       ||    12
       Short sword       |   100 |    78 ||   178
Invok: Berserk           |     1 |     2 ||     3
       Trog's Hand       |       |     3 ||     3
 Stab: Sleeping          |       |     2 ||     2
  Eat: Chunk             |     2 |     6 ||     8
Armor: Animal skin       |    18 |     2 ||    20
       Scale mail        |       |     6 ||     6
       Chain mail        |       |    10 ||    10
Dodge: Dodged            |    73 |    24 ||    97

Table legend:
 A = Spawn XP
 B = Non-spawn XP
 C = Spawn XP percentage of total XP
 D = Spawn monster count
 E = Non-spawn monster count
 F = Spawn count percentage of total count
 G = Total turns spent on level
                    A         B        C        D         E        F      G
               +---------+---------+-------+---------+---------+-------+---------
         Total |       0 |     461 |   0.0 |       0 |      66 |   0.0 |  2210
               +---------+---------+-------+---------+---------+-------+---------
           D:1 |       0 |      67 |   0.0 |       0 |      30 |   0.0 |  1147
           D:2 |       0 |      59 |   0.0 |       0 |      21 |   0.0 |   692
           D:3 |       0 |     335 |   0.0 |       0 |      15 |   0.0 |   371
               +---------+---------+-------+---------+---------+-------+---------

Vault maps used:
D:1:      denvon_arrival_planthouse, minmay_misc_feat_rows,
          serial_bayou_lagoon_b
D:2:      old_standard_altar
D:3:      minmay_roachtagon, uniq_natasha, uniq_robin, uniq_jessica,
          uniq_sigmund

Table legend:
 A = Turns spent in this place as a percentage of turns spent in the entire game.
 B = Non-inter-level travel turns spent in this place as a percentage of non-inter-level travel turns spent in the entire game.
 C = Inter-level travel turns spent in this place as a percentage of turns spent in this place.
 D = Turns resting spent in this place as a percentage of non-inter-level travel turns spent in this place.
 E = Turns spent auto-exploring this place as a percentage of non-inter-level travel turns spent in this place.
 F = Non-inter-level travel turns spent in this place divided by the number of levels of this place that you've seen.
                   A       B       C       D       E      F
               +-------+-------+-------+-------+-------+----------------------
         Total | 100.0 | 100.0 |   2.5 |  13.3 |  60.9 | 718.0
       Dungeon | 100.0 | 100.0 |   2.5 |  13.3 |  60.9 | 718.0
               +-------+-------+-------+-------+-------+----------------------

Table legend:
 A = Kills in this place as a percentage of kills in entire the game.
 B = Kills by you in this place as a percentage of kills by you in the entire game.
 C = Kills by friends in this place as a percentage of kills by friends in the entire game.
 D = Other kills in this place as a percentage of other kills in the entire game.
 E = Experience gained in this place as a percentage of experience gained in the entire game.
 F = Experience gained in this place divided by the number of levels of this place that you have seen.
                   A       B       C       D       E      F
               +-------+-------+-------+-------+-------+----------------------
         Total | 100.0 | 100.0 |   N/A |   N/A | 100.0 | 153.7
       Dungeon | 100.0 | 100.0 |   N/A |   N/A | 100.0 | 153.7
               +-------+-------+-------+-------+-------+----------------------
